 Dungeon Crawl Stone Soup version 0.27-a0-955-gb57c80000f (webtiles) character file.

Game seed: 11513372195041284719

130 Glokmah the Skirmisher (level 4, 0/36 HPs)
             Began as a Demonspawn Abyssal Knight on Apr 12, 2021.
             Was a Believer of Lugonu.
             Slain by Sigmund
             ... wielding a +0 scythe
              (10 damage)
             ... on level 2 of the Dungeon.
             The game lasted 00:03:43 (2188 turns).

Glokmah the Skirmisher (Demonspawn Abyssal Knight)  Turns: 2188, Time: 00:03:43

Health: 0/36       AC:  6    Str: 13    XL:     4   Next: 89%
Magic:  5/6        EV:  9    Int: 14    God:    Lugonu [**....]
Gold:   33         SH:  0    Dex: 12    Spells: 3/3 levels left

rFire    . . .     SeeInvis .   a - +1 hand axe
rCold    . . .     Faith    .   (no shield)
rNeg     . . .     Spirit   .   b - +0 scale mail
rPois    .         Reflect  .   (helmet restricted)
rElec    .         Harm     .   (no cloak)
rCorr    .         Rampage  .   (no gloves)
Will     .....                  (no boots)
Stlth    ..........             (no amulet)
HPRegen  0.12/turn              (no ring)
MPRegen  0.10/turn              (no ring)

@: no status effects
A: horns 1, spiny 1
a: Renounce Religion, Depart the Abyss, Bend Space


You were on level 2 of the Dungeon.
You worshipped Lugonu.
Lugonu was pleased with you.
You visited 1 branch of the dungeon, and saw 2 of its levels.
You visited the Abyss 1 time.

You collected 33 gold pieces.

Inventory:

Hand Weapons
 a - a +1 hand axe (weapon)
Missiles
 g - 43 stones
Armour
 b - a +0 scale mail (worn)
Scrolls
 c - 3 scrolls of identify {unknown}
 e - a scroll of noise {unknown}
 f - a scroll of teleportation {unknown}
Potions
 d - 2 potions of attraction {unknown}
 h - a potion of brilliance {unknown}


   Skills:
 + Level 3.6 Fighting
 + Level 2.6 Axes
 + Level 2.5 Armour
 + Level 2.0 Dodging
 + Level 3.6 Invocations


You had 3 spell levels left.
You didn't know any spells.
Your spell library contained the following spells:

 Spells                   Type           Power      Damage    Failure   Level
 Confusing Touch          Hex            0%         N/A       98%         3
 Gell's Gravitas          Tloc           0%         N/A       98%         3
 Petrify                  Tmut/Erth      0%         N/A       100%        4
 Metabolic Englaciation   Hex/Ice        0%         N/A       100%        5
 Yara's Violent Unravell  Hex/Tmut       0%         3d3       100%        5


Dungeon Overview and Level Annotations

Branches:
Dungeon (2/15)

Altars:

Annotations:
D:2 Sigmund


Innate Abilities, Weirdness & Mutations

You have a pair of small horns on your head.
You are partially covered in sharp spines.


Message History

The adder closely misses you.
You hit the adder.
The adder is almost dead.
The adder is struck by your spines.
You kill the adder!
Lugonu accepts your kill.
Your Dodging skill increases to level 2!
An endoplasm comes into view.
Sigmund casts a spell at you. The magic dart hits you.
You see here an adder corpse.
The endoplasm quivers.
Sigmund hits you from afar with a +0 scythe!
Sigmund is struck by your spines. Sigmund closely misses you.
You hit Sigmund but do no damage. You headbutt Sigmund, but do no damage.
Sigmund is lightly wounded.
You hit the endoplasm.
The endoplasm jiggles.
The endoplasm hits you but does no damage.
Sigmund gestures at you while chanting. The magic dart hits you!
Space bends around you!
You blink.
The endoplasm closely misses you. Sigmund closely misses you.
You hit Sigmund.
Sigmund is moderately wounded.
You completely miss the endoplasm. The endoplasm is struck by your spines.
You kill the endoplasm!
Lugonu accepts your kill. Sigmund is struck by your spines.
Sigmund hits you but does no damage.
You hit Sigmund but do no damage. Your headbutt misses Sigmund.
Sigmund is moderately wounded.
Sigmund is struck by your spines. Sigmund hits you with a +0 scythe!
* * * LOW HITPOINT WARNING * * *
An adder comes into view.
The adder hisses angrily.
You hit Sigmund. Your headbutt misses Sigmund.
Sigmund is severely wounded.
You hit the adder. The adder barely misses you.
Sigmund hits you with a +0 scythe!
You die...

#. #. ##.#
###...## ...#..#
####....#
......S.#######
#@.......
#.@..#### #..#.#
#..#.# #####.†#.#
#........#
.###.###..#.#####
#................
..........#.#####


You could see Sigmund and an adder.

Vanquished Creatures
  Natasha (thrice) (D:1)
  An adder (D:2)
  A dart slug (D:1)
  5 bats (D:1)
  2 endoplasms
  2 giant cockroaches (D:1)
  4 hobgoblins
  4 jackals (D:1)
  2 kobolds (D:1)
  3 ball pythons (D:1)
  12 frilled lizards
  4 goblins (D:1)
  6 rats (D:1)
49 creatures vanquished.

Vanquished Creatures (others)
  2 fungi (D:1)
  A plant (D:1)
3 creatures vanquished.

Grand Total: 52 creatures vanquished

Notes
Turn   | Place    | Note
-------+----------+-------------------------------------------
     0 | Abyss:1  | Glokmah the Demonspawn Abyssal Knight began the quest for
                  | the Orb.
     0 | Abyss:1  | Reached XP level 1. HP: 18/18 MP: 2/2
    41 | Abyss:1  | Noticed a large abomination
    77 | Abyss:1  | Noticed a dire elephant zombie
    80 | Abyss:1  | Noticed a profane servitor
    81 | D:1      | Escaped the Abyss
   145 | D:1      | Reached * piety under Lugonu
   146 | D:1      | Reached skill level 1 in Dodging
   194 | D:1      | Gained mutation: You have a pair of small horns on your
                  | head. [demonic ancestry]
   194 | D:1      | Reached XP level 2. HP: 17/24 MP: 4/4
   781 | D:1      | Gained mutation: You are partially covered in sharp spines.
                  | [demonic ancestry]
   781 | D:1      | Reached XP level 3. HP: 29/29 MP: 5/5
  1208 | D:1      | Reached ** piety under Lugonu
  1364 | D:1      | Found a faded altar of an unknown god.
  1543 | D:2      | Noticed Natasha
  1550 | D:1      | Killed Natasha
  1551 | D:1      | Reached XP level 4. HP: 7/35 MP: 6/6
  1908 | D:1      | Noticed Natasha
  1931 | D:1      | Killed Natasha
  2015 | D:1      | Noticed Natasha
  2023 | D:1      | Killed Natasha
  2178 | D:2      | Noticed Sigmund
  2188 | D:2      | Slain by Sigmund

Illustrated notes

Levels and vault maps discovered:
D:1:      dpeg_arrival_tiny_k, layout_basic,
          shapermc_ecumenical_altar_mp_urbaneastern, minmay_lizard_pond
D:2:      layout_loops_ring, serial_shops, shop, st_stairs_6, uniq_sigmund,
          uniq_natasha

Skill      XL: |  1  2  3  4 |
---------------+-------------+-----
Dodging        | 1 2 |  2.0
Axes           | 2 |  2.6
Armour         | 2 |  2.5
Invocations    | 3 |  3.6
Fighting       | |  3.6

Action                   |  1- 3 |  4- 6 || total
-------------------------+-------+-------++-------
Melee: Hand axe          |   105 |    23 ||   128
       Headbutt          |    12 |     5 ||    17
Invok: Depart the Abyss  |     1 |       ||     1
       Bend Space        |       |     1 ||     1
Armor: Leather armour    |    12 |       ||    12
       Ring mail         |    11 |       ||    11
       Scale mail        |    13 |     8 ||    21
Dodge: Dodged            |    70 |    11 ||    81

Table legend: (Time is in decaauts)
 A = Elapsed time spent in this place.
 B = Non-inter-level travel time spent in this place.
 C = Inter-level travel time spent in this place.
 D = Time resting spent in this place.
 E = Time spent auto-exploring this place.
 F = Levels seen in this place.
 G = Mean time per level.
                   A        B        C        D        E       F      G
               +--------+--------+--------+--------+--------+-----+--------+
         Total |   2214 |   1925 |    289 |    340 |   1122 |   3 |  738.0 |
       Dungeon |   2133 |   1844 |    289 |    340 |   1122 |   2 | 1066.5 |
         Abyss |     81 |     81 |      0 |      0 |      0 |   1 |   81.0 |
               +--------+--------+--------+--------+--------+-----+--------+

Top non-repeatable levels by time:
     D:1: 2053 daAuts
 Abyss:1: 81 daAuts
     D:2: 79 daAuts
